 Dungeon Crawl Stone Soup version 0.30-a0-292-g0f741e3f8e (webtiles) character file.

Game seed: 14850758216501724354

5383 porpoise the Spear-Bearer (level 10, -9/79 HPs)
             Began as a Demonspawn Gladiator on Oct 18, 2022.
             Was a Priest of Yredelemnul.
             Mangled by a wyvern (13 damage)
             ... on level 8 of the Dungeon.
             The game lasted 00:34:13 (8688 turns).

porpoise the Spear-Bearer (Demonspawn Gladiator)    Turns: 8688, Time: 00:34:14

Health: -9/79      AC:  8    Str: 19    XL:     10   Next: 39%
Magic:  0/12       EV: 13    Int:  9    God:    Yredelemnul [***...]
Gold:   393        SH:  0    Dex: 19    Spells: 9/9 levels left

rFire   . . .      SeeInvis .    f - +0 trident (freeze)
rCold   + . .      Faith    .    (no shield)
rNeg    . . .      Spirit   +    j - +0 troll leather armour {Pargi}
rPois   +          Reflect  .    (helmet restricted)
rElec   .          Harm     .    E - +1 cloak
rCorr   .          Rampage  .    t - +0 pair of gloves
Will    .....                    (no boots)
Stlth   +++.......               (no amulet)
HPRegen 1.13/turn                w - ring of poison resistance
MPRegen 0.26/turn                c - ring of protection from cold

@: mighty
A: horns 1, thin skeletal structure 2, magic shield, magic regeneration
a: Renounce Religion, Recall Undead Harvest, Dark Bargain


You were on level 8 of the Dungeon.
You worshipped Yredelemnul.
Yredelemnul was noncommittal.
You visited 1 branch of the dungeon, and saw 8 of its levels.
You visited the Abyss 1 time.
You also visited: Sewer.

You collected 843 gold pieces.
You spent 450 gold pieces at shops.

Inventory:

Hand Weapons
 a - a +2 spectral lajatang
 b - a +0 sling
 f - a +0 trident of freezing (weapon)
Missiles
 d - 5 throwing nets (quivered)
 e - a javelin
 l - 3 boomerangs
 p - 18 poisoned darts
Armour
 j - a +0 troll leather armour (worn) {Pargi}
 m - a +0 ring mail
 r - an orb of light
 s - an orb of guile
 t - a +0 pair of gloves (worn)
 E - a +1 cloak (worn)
 F - a +2 leather armour of willpower
Jewellery
 c - a ring of protection from cold (right hand)
 h - a +6 ring of dexterity
 w - a ring of poison resistance (left hand)
 x - a ring of wizardry
 C - a ring of protection from fire
Wands
 v - a wand of flame (15)
 z - a wand of paralysis (9)
Scrolls
 g - 3 scrolls of poison
 i - a scroll of amnesia
 o - a scroll of summoning
 u - 6 scrolls of teleportation
 y - a scroll of identify
 D - a scroll of blinking
 G - a scroll of magic mapping
Potions
 k - 2 potions of flight
 n - 3 potions of lignification
 A - a potion of cancellation


   Skills:
 - Level 7.0 Fighting
 - Level 11.4(11.5) Polearms
 + Level 2.6(7.7) Staves
 - Level 1.7 Throwing
 - Level 5.0 Armour
 - Level 2.6 Dodging
 + Level 3.8 Invocations


You had 9 spell levels left.
You didn't know any spells.
Your spell library contained the following spells:

 Spells                   Type           Power      Damage    Failure   Level
 Magic Dart               Conj           0%         1d3       43%         1
 Call Imp                 Summ           0%         N/A       56%         2
 Ensorcelled Hibernation  Hex/Ice        0%         N/A       56%         2
 Passwall                 Tmut/Erth      0%         N/A       56%         2
 Mephitic Cloud           Conj/Pois/Air  0%         N/A       80%         3
 Swiftness                Air            0%         N/A       80%         3
 Cause Fear               Hex            0%         N/A       99%         4
 Dragon Form              Tmut           0%         N/A       100%        7
 Dragon's Call            Summ           0%         N/A       100%        9


Dungeon Overview and Level Annotations

Branches:
Dungeon (8/15)             Temple (0/1) D:7           Sewer (visited)
   Lair: D:8-11

Altars:
Cheibriados
Okawaru
Yredelemnul

Shops:
D:7 (   D:8 (

Annotations:
D:3 Large Abomination
D:6 3 runed translucent doors - art cloak, koil's ghost, novice SpEn
D:8 3 runed translucent doors, BigDaddyOpFi's ghost, novice MiFi


Innate Abilities, Weirdness & Mutations

You have a pair of small horns on your head.
You have a moderately thin skeletal structure. (Dex +4, Stealth++)
When hurt, damage is shared between your health and your magic reserves.
You regenerate magic rapidly.


Message History

You kill the steam dragon!
The dead are flying!
Your yak zombie gores the wyvern.
The wyvern bites your yak zombie!
You swap places.
A wyvern comes into view.
The wyvern hisses angrily.
A gargoyle comes into view. It is wielding a +0 mace.
The wyvern bites you but does no damage.
The wyvern moves out of view.
You hit the wyvern but do no damage. Your headbutt misses the wyvern.
The wyvern closely misses you. The wyvern misses you.
You barely miss the wyvern.
You headbutt the wyvern, but do no damage.
The wyvern barely misses you.
Unknown command.
You swap places.
Something bites your orc zombie.
You can now drain ambient life force.
Things that are here:
a +3 battleaxe; a +0 robe Something bites your orc zombie!!
Your orc zombie is destroyed!
Something bites your yak zombie. Something bites your yak zombie!
Your yak zombie is destroyed!
You can no longer drain ambient life force.
Your steam dragon zombie barely misses the wyvern.
Your steam dragon zombie closely misses the wyvern.
The wyvern bites you.
* * * LOW HITPOINT WARNING * * *
You are too injured to fight recklessly!
You closely miss the wyvern.
You headbutt the wyvern, but do no damage.
The wyvern bites you!
* * * LOW HITPOINT WARNING * * *
You puncture the wyvern! You freeze the wyvern.
The wyvern is moderately wounded.
Your steam dragon zombie barely misses the wyvern. x2
The wyvern bites you!
You die...
Your body rises from the dead as a mindless zombie.

##... ..# .# # #.# #...# ## .#..
#...# ##.# 9e#.# #...# ## .#
#...##.c.# # ...# #~ #.# ###
#Zl### #.# #..# #~ #.#..#..
###@Z#..# #..# ###~
#.##...#######Z).# #..###...
#.####......Z####. #...#..#.
#####........Z.Z....#### #Z..Z.#~
#.........Z.............##.#####≈
......)))####.................###
....###)## ###...######.####.##.
##. #.# ##### #.# #.##. #Z#
#########.####.##.


You could see a wyvern (ally target), 2 friendly polar bear zombies, a friendly
steam dragon zombie, a friendly orc zombie and a friendly orc warrior zombie.

Vanquished Creatures
  Pikel (D:8)
  2 polar bears (D:8)
  Grinder (D:3)
  Sigmund (D:3)
  2 yaks (D:8)
  2 steam dragons (D:8)
  2 water moccasins (D:7)
  Duvessa (D:4)
  An orc warrior (D:8)
  Pargi (Sewer)
  3 ice beasts
  A black bear (D:6)
  An ogre (D:5)
  2 centaurs
  A wolf (D:8)
  A kobold brigand (D:7)
  2 bullfrogs
  A necrophage (D:4)
  2 scorpions
  9 wights
  Dowan (D:4)
  An electric eel (D:8)
  A howler monkey (D:6)
  A wyvern simulacrum (D:8)
  3 hounds
  A jelly (D:4)
  3 gnoll boudas
  An orc priest (D:8)
  Crazy Yiuf (D:3)
  5 iguanas
  Terence (D:3)
  5 orc wizards
  19 gnolls
  An adder (Sewer)
  2 white imps
  4 ufetubi
  2 worms (D:2)
  3 dart slugs
  47 orcs
  9 ball pythons
  4 endoplasms
  2 giant cockroaches
  12 goblins
  8 hobgoblins
  3 jackals (D:1)
  10 kobolds
  2 quokkas
  2 bats (D:2)
  9 frilled lizards
  3 rats (D:1)
203 creatures vanquished.

Vanquished Creatures (collateral kills)
  A polar bear (D:8)
  A centaur simulacrum (D:8)
  An adder (D:5)
  A white imp (D:8)
  4 orcs
  2 kobolds (D:7)
10 creatures vanquished.

Vanquished Creatures (others)
  Maurice (D:8)
  A yak zombie (D:8)
  A bullfrog zombie (D:8)
  A human zombie (D:8)
  A spectral white imp (D:8)
  A kobold zombie (D:7)
  11 orc zombies
  A spectral ufetubus (D:8)
  A fungus (D:3)
19 creatures vanquished.

Grand Total: 232 creatures vanquished

Notes
Turn   | Place    | Note
-------+----------+-------------------------------------------
     0 | D:1      | porpoise the Demonspawn Gladiator began the quest for the
                  | Orb.
     0 | D:1      | Reached XP level 1. HP: 16/16 MP: 1/1
   231 | D:1      | Reached skill level 3 in Polearms
   258 | D:1      | Gained mutation: You have a somewhat thin skeletal
                  | structure. (Dex +2, Stealth+) [demonic ancestry]
   258 | D:1      | Reached XP level 2. HP: 22/22 MP: 2/2
  1004 | D:2      | Gained mutation: You regenerate magic rapidly. [demonic
                  | ancestry]
  1004 | D:2      | Reached XP level 3. HP: 28/28 MP: 3/3
  1336 | D:2      | Reached skill level 4 in Polearms
  1336 | D:2      | Gained mutation: You have a pair of small horns on your
                  | head. [demonic ancestry]
  1336 | D:2      | Reached XP level 4. HP: 30/34 MP: 4/4
  1646 | D:3      | Noticed Grinder
  1666 | D:3      | Killed Grinder
  1667 | D:3      | Reached skill level 5 in Polearms
  1667 | D:3      | Gained mutation: When hurt, damage is shared between your
                  | health and your magic reserves. [demonic ancestry]
  1667 | D:3      | Reached XP level 5. HP: 15/42 MP: 5/5
  1667 | D:3      | Reached XP level 6. HP: 17/48 MP: 6/6
  2183 | D:3      | You fall into a shaft and drop 1 floor!
  2257 | D:3      | Noticed Sigmund
  2262 | D:3      | Killed Sigmund
  2263 | D:3      | Reached skill level 6 in Polearms
  2469 | D:3      | Noticed Terence
  2477 | D:3      | Killed Terence
  2478 | D:3      | Reached XP level 7. HP: 48/55 MP: 5/7
  2569 | D:3      | Found a runed translucent door.
  2570 | D:3      | Noticed Crazy Yiuf
  2574 | Abyss:2  | Cast into level 2 of the Abyss (Crazy Yiuf)
  2592 | Abyss:2  | Noticed a large abomination
  2618 | D:3      | Escaped the Abyss
  2937 | D:3      | Killed Crazy Yiuf
  3611 | D:4      | Reached skill level 5 in Fighting
  3839 | D:4      | Noticed Duvessa
  3839 | D:4      | Noticed Dowan
  3842 | D:4      | Killed Dowan
  3862 | D:4      | Killed Duvessa
  3863 | D:4      | Reached skill level 7 in Polearms
  4450 | D:4      | Reached XP level 8. HP: 63/63 MP: 8/8
  4674 | D:5      | Entered Level 5 of the Dungeon
  4998 | D:5      | Found a snail-covered altar of Cheibriados.
  5111 | D:5      | Reached skill level 8 in Polearms
  5955 | D:6      | Identified the +1 robe of Amorality {rElec}
  6077 | D:6      | Found a glowing drain.
  6082 | Sewer    | Entered a sewer
  6139 | Sewer    | Reached skill level 9 in Polearms
  6163 | Sewer    | Noticed Pargi
  6167 | Sewer    | Killed Pargi
  6449 | D:6      | Found an iron altar of Okawaru.
  6449 | D:6      | Found a basalt altar of Yredelemnul.
  6453 | D:6      | Became a worshipper of Yredelemnul the Dark
  6507 | D:6      | Found a runed translucent gate.
  6508 | D:6      | Found a runed translucent gate.
  6516 | D:6      | Noticed koil's ghost (novice SpEn)
  6519 | D:6      | Reached XP level 9. HP: 72/72 MP: 9/9
  6639 | D:6      | Found a runed translucent gate.
  6677 | D:6      | Reached * piety under Yredelemnul
  6721 | D:6      | Reached skill level 1 in Armour
  7134 | D:7      | Identified a scroll of acquirement
  7134 | D:7      | Acquired 358 gold pieces
  7137 | D:7      | Found Jolu's Weapon Emporium.
  7669 | D:7      | Reached ** piety under Yredelemnul
  7835 | D:7      | Found a staircase to the Ecumenical Temple.
  7847 | D:7      | Reached skill level 10 in Polearms
  7854 | D:7      | Reached *** piety under Yredelemnul
  8089 | D:8      | Noticed a polar bear
  8110 | D:8      | Killed a polar bear
  8115 | D:8      | Noticed a polar bear
  8125 | D:8      | Killed a polar bear
  8171 | D:8      | Found a runed translucent gate.
  8172 | D:8      | Found a runed translucent gate.
  8172 | D:8      | Noticed BigDaddyOpFi's ghost (novice MiFi)
  8173 | D:8      | Found a runed translucent gate.
  8181 | D:8      | Noticed Maurice
  8183 | D:8      | Noticed a polar bear
  8196 | D:8      | Paralysed by something for 5 turns
  8202 | D:8      | Killed Maurice
  8203 | D:8      | Reached skill level 11 in Polearms
  8212 | D:8      | Your ally Maurice died
  8219 | D:8      | Killed a polar bear
  8220 | D:8      | Gained mutation: You have a moderately thin skeletal
                  | structure. (Dex +4, Stealth++) [demonic ancestry]
  8220 | D:8      | Reached XP level 10. HP: 42/79 MP: 6/10
  8321 | D:8      | Found Zuuhorghi's Antique Weapon Boutique.
  8337 | D:8      | Bought a glowing lajatang for 450 gold pieces
  8376 | D:8      | Reached skill level 1 in Invocations
  8526 | D:8      | Reached **** piety under Yredelemnul
  8547 | D:8      | Noticed Pikel
  8568 | D:8      | Killed Pikel
  8569 | D:8      | Reached skill level 1 in Staves
  8569 | D:8      | Reached skill level 5 in Armour
  8617 | D:8      | Reached ***** piety under Yredelemnul
  8670 | D:8      | Noticed a deep elf pyromancer
  8680 | D:8      | Noticed a gargoyle
  8687 | D:8      | HP: 3/79 [wyvern (7)]
  8688 | D:8      | Mangled by a wyvern

Illustrated notes

Levels and vault maps discovered:
D:1:      giann_horns, layout_basic
D:2:      layout_basic
D:3:      layout_basic, uniq_sigmund, uniq_crazy_yiuf_cottage, uniq_grinder,
          uniq_terence
D:4:      dreamdust_elfheim, layout_basic
D:5:      layout_cave_pods, overflow_temple_1_default
D:6:      layout_gridville, gammafunk_temple_overflow_elements,
          biasface_ghost_orc_armoury, portal_sewer_entry_e
D:7:      layout_basic, temple_green, serial_shops,
          nicolae_shop_bloodbath_and_beyond, uniq_duvessa
D:8:      minmay_ornate_pinched, layout_loops_ring, serial_ice, serial_ice_m,
          serial_ice_i, serial_ice_b, serial_ice_h, serial_ice_d, serial_ice_c,
          ebering_ghost_rock_garden, nicolae_stop_n_shop_1, uniq_maurice,
          uniq_pikel

Skill      XL: |  1  2  3  4  5  6  7  8  9 10 |
---------------+-------------------------------+-----
Polearms       | 3 4 5 6 7 9 11 | 11.4
Fighting       | 4 5 7 |  7.0
Armour         | 4 5 |  5.0
Invocations    | 3 |  3.8
Staves         | 2 |  2.6
Throwing       | |  1.7
Dodging        | |  2.6

Action                   |  1- 3 |  4- 6 |  7- 9 | 10-12 || total
-------------------------+-------+-------+-------+-------++-------
Melee: Trident           |    95 |    68 |   421 |   136 ||   720
       Headbutt          |       |    15 |    80 |    33 ||   128
       Punch             |       |       |     2 |     2 ||     4
 Fire: Sling             |     2 |       |    32 |       ||    34
Throw: Throwing net      |       |     3 |     2 |       ||     5
Evoke: Wand              |       |       |     5 |       ||     5
  Use: Scroll            |       |    10 |    13 |       ||    23
       Potion            |       |     2 |     3 |     2 ||     7
 Stab: Distracted        |     1 |       |     4 |       ||     5
       Sleeping          |     2 |       |     3 |       ||     5
       Held in net/web   |       |       |     1 |       ||     1
Armor: Leather armour    |    17 |     1 |       |       ||    18
       Ring mail         |       |     2 |    41 |       ||    43
       Skin              |       |       |     9 |       ||     9
       Troll leather arm |       |       |    51 |    36 ||    87
Dodge: Dodged            |    39 |    24 |   183 |    57 ||   303

Table legend: (Time is in decaauts)
 A = Elapsed time spent in this place.
 B = Non-inter-level travel time spent in this place.
 C = Inter-level travel time spent in this place.
 D = Time resting spent in this place.
 E = Time spent auto-exploring this place.
 F = Levels seen in this place.
 G = Mean time per level.
                   A        B        C        D        E       F      G
               +--------+--------+--------+--------+--------+-----+--------+
         Total |   8750 |   8390 |    360 |   2182 |   4294 |  10 |  875.0 |
       Dungeon |   8478 |   8118 |    360 |   2182 |   4230 |   8 | 1059.8 |
         Abyss |     43 |     43 |      0 |      0 |      0 |   1 |   43.0 |
         Sewer |    228 |    228 |      0 |      0 |     64 |   1 |  228.0 |
               +--------+--------+--------+--------+--------+-----+--------+

Top non-repeatable levels by time:
     D:3: 1467 daAuts
     D:4: 1431 daAuts
     D:5: 1292 daAuts
     D:6: 950 daAuts
     D:2: 908 daAuts
     D:7: 882 daAuts
     D:1: 785 daAuts
     D:8: 758 daAuts
   Sewer: 228 daAuts
 Abyss:2: 43 daAuts
